Canadiens vs Sabres
Created - January 10, 2019 at 19:45
Goals
|
| Canadiens |
1 |
3 |
0 |
1 |
5 |
| Sabres |
3 |
1 |
0 |
0 |
4 |
|
Shots
|
| Canadiens |
14 |
9 |
8 |
1 |
32 |
| Sabres |
17 |
7 |
11 |
1 |
36 |
|
1st period
1. Canadiens , Sidney Crosby 17 (Adam Pardy 7, Greg Stewart 18) at 3:55
2. Sabres , Ilya Kovalchuk 6 (Kurtis Foster 9, Andrei Loktionov 9) at 8:01
3. Sabres , Zach Bogosian 10 (Evander Kane 24, Mathew Dumba 5) at 11:05 (PP)
4. Sabres , Zack Kassian 14 (Ryan O'Reilly 22, Jared Cowen 9) at 12:49
Penalties :
Rob Scuderi (Buf) for Interference (Minor) at 4:24, Raphael Diaz (Mon) for Hooking (Minor) at 10:51
2nd period
5. Sabres , Zack Kassian 15 (Vincent Lecavalier 20, Ilya Kovalchuk 17) at 3:57 (PP)
6. Canadiens , Steve Downie 9 (Luke Schenn 20, Greg Stewart 19) at 4:15
7. Canadiens , Frans Nielsen 16 (Evgeny Dadonov 16) at 9:15
8. Canadiens , Frans Nielsen 17 (Raphael Diaz 18, Evgeny Dadonov 17) at 17:03
Penalties :
Adam Pardy (Mon) for Roughing (Minor) at 3:46, Andrei Loktionov (Buf) for Roughing (Minor) at 9:18, Marcel Goc (Mon) for Hooking (Minor) at 13:25
3rd period
No Goal
Penalties :
Steve Downie (Mon) for Holding (Minor) at 3:44
Overtime #1
9. Canadiens , Frans Nielsen 18 (Alexander Frolov 18) at 2:43
Penalties :
No Penalty
Goalie Stats
Allen York (Mon), 32 saves from 36 shots - (0.889), W, 4-0-1, 62:43 minutes
Jonas Hiller (Buf), 27 saves from 32 shots - (0.844), OTL, 4-2-2, 62:43 minutes
Players Stats for Canadiens
Player Name G A P +/- PIM S H SB GA TA FO MP PP MP PK MP
------------------------------------------------------------------------------------
Adam Pardy 0 1 1 0 2 1 1 2 0 0 0/0 16:20 0:00 1:41
Alexander Frolov 0 1 1 3 0 2 3 0 0 1 0/1 21:23 2:05 2:41
Brett Maclean 0 0 0 0 0 0 0 0 0 0 0/0 11:07 0:00 0:00
Brock Nelson 0 0 0 -1 0 1 1 0 0 1 0/0 8:25 0:12 0:51
David Jones 0 0 0 -1 0 1 0 1 1 0 0/0 8:30 0:12 0:51
Dustin Boyd 0 0 0 0 0 1 1 0 0 0 4/15 15:25 0:12 2:41
Enver Lisin 0 0 0 0 0 1 2 0 0 0 0/0 11:07 0:00 0:00
Evgeny Dadonov 0 2 2 2 0 2 0 0 1 1 0/1 17:21 2:05 0:00
Frans Nielsen 3 0 3 3 0 6 3 0 0 0 11/21 19:45 2:05 1:33
Greg Stewart 0 2 2 1 0 3 1 1 0 0 0/1 20:57 1:41 0:00
Luke Schenn 0 1 1 3 0 1 1 1 0 0 0/0 27:05 1:59 2:42
Marcel Goc 0 0 0 -1 2 1 1 0 0 0 0/3 7:23 0:00 0:09
Mark Stuart 0 0 0 0 0 2 0 0 0 1 0/0 21:52 1:59 1:41
Raphael Diaz 0 1 1 3 2 1 5 3 0 0 0/0 24:22 1:59 0:00
Shaone Morrisonn 0 0 0 0 0 1 0 2 0 1 0/0 16:28 0:00 2:42
Sidney Crosby 1 0 1 1 0 4 4 2 2 0 6/26 20:09 1:41 0:00
Steve Downie 1 0 1 1 2 3 2 0 0 1 0/1 19:29 1:41 0:00
Vitaly Vishnevsky 0 0 0 0 0 1 1 1 0 1 0/0 19:17 1:59 0:00
Players Stats for Sabres
Player Name G A P +/- PIM S H SB GA TA FO MP PP MP PK MP
------------------------------------------------------------------------------------
Andrei Loktionov 0 1 1 -1 2 1 0 1 0 0 24/31 17:08 0:00 0:00
Bobby Ryan 0 0 0 -1 0 1 0 0 2 0 0/1 19:41 2:13 0:00
Brad Richardson 0 0 0 0 0 2 0 0 0 0 0/1 11:29 0:00 0:00
Brandon Sutter 0 0 0 0 0 1 0 0 0 0 5/8 11:40 0:06 1:59
Darcy Hordichuk 0 0 0 0 0 2 1 0 1 0 0/0 8:27 0:00 0:00
Darren Reid 0 0 0 -1 0 2 3 0 0 1 1/1 11:38 0:00 1:59
Evander Kane 0 1 1 -1 0 2 0 1 0 0 0/0 17:15 2:13 0:00
Ilya Kovalchuk 1 1 2 -1 0 6 2 0 1 1 3/6 21:32 2:10 1:59
Jared Cowen 0 1 1 2 0 1 0 1 0 0 0/0 23:27 2:12 1:59
Kurtis Foster 0 1 1 2 0 1 2 1 0 1 0/0 16:45 0:00 0:00
Mathew Dumba 0 1 1 -4 0 1 2 1 0 0 0/0 20:22 2:11 1:59
Matt Martin 0 0 0 0 0 0 4 0 0 0 1/1 9:59 0:00 0:00
Michael Kostka 0 0 0 -2 0 0 1 1 1 0 0/0 18:47 2:12 1:59
Rob Scuderi 0 0 0 -3 2 1 0 1 1 1 0/0 22:49 0:00 0:00
Ryan O'Reilly 0 1 1 -1 0 3 3 0 0 0 5/9 18:04 2:13 0:00
Vincent Lecavalier 0 1 1 -1 0 0 1 0 0 0 8/10 15:54 2:04 1:59
Zach Bogosian 1 0 1 -1 0 5 0 0 1 0 0/0 23:22 2:11 1:59
Zack Kassian 2 0 2 -1 0 7 1 0 0 0 1/1 18:33 2:10 0:00
3 Stars
1 - Frans Nielsen (Mon)
2 - Sidney Crosby (Mon)
3 - Zack Kassian (Buf)
Power Play
Canadiens - 0 on 2 Attempt(s) - 0.00%
Sabres - 2 on 4 Attempt(s) - 50.00%
Penalty Kill
Canadiens - 2 on 4 Attempt(s) - 50.00%
- Score 0 goal in Penalty Kill
Sabres - 2 on 2 Attempt(s) - 100.00%
- Score 0 goal in Penalty Kill
Team Stat
Canadiens - Hits : 26 - Faceoff Wins : 21 - Blocked Shots : 13 - Penalty Minutes : 8
Sabres - Hits : 20 - Faceoff Wins : 48 - Blocked Shots : 7 - Penalty Minutes : 4
Official
Referees : Unknown
Linesman : Unknown
Game Notes
Frans Nielsen has scored a Hat Trick!
Finance
Level 1 -- Attendance: 5755 (95.92%) -- Ticket Income $500,685
Level 2 -- Attendance: 4968 (99.36%) -- Ticket Income $273,240
Level 3 -- Attendance: 1866 (93.30%) -- Ticket Income $54,114
Level 4 -- Attendance: 3807 (95.18%) -- Ticket Income $87,561
Luxury Box -- Attendance: 1000 (100.00%) -- Ticket Income $149,000
Game was played at the Duff Garden.
Total Attendance: 17396 (96.64%)
Total Ticket Income: $1,064,600
Other Income: $159,690
Total Income: $1,224,290
Canadiens
5 vs 5 Forward
Center Left Wing Right Wing Time % Phy DF OF
1 Sidney Crosby Greg Stewart Steve Downie 40 0 1 4
2 Frans Nielsen Alexander Frolov Evgeny Dadonov 30 0 1 4
3 Dustin Boyd Brett Maclean Enver Lisin 20 0 2 3
4 Marcel Goc Brock Nelson David Jones 10 0 3 2
5 vs 5 Defense
Defense Defense Time % Phy DF OF
1 Luke Schenn Raphael Diaz 40 0 2 3
2 Vitaly Vishnevsky Mark Stuart 30 0 2 3
3 Adam Pardy Shaone Morrisonn 20 0 3 2
4 Luke Schenn Raphael Diaz 10 0 3 2
PowerPlay Forward
Center Left Wing Right Wing Time % Phy DF OF
1 Sidney Crosby Greg Stewart Steve Downie 60 0 0 5
2 Frans Nielsen Alexander Frolov Evgeny Dadonov 40 0 0 5
PowerPlay Defense
Defense Defense Time % Phy DF OF
1 Raphael Diaz Luke Schenn 60 0 1 4
2 Vitaly Vishnevsky Mark Stuart 40 0 1 4
Penalty Kill 4 Players Forward
Center Wing Time % Phy DF OF
1 Dustin Boyd Alexander Frolov 60 0 5 0
2 Frans Nielsen David Jones 40 0 5 0
Penalty Kill 4 Players Defense
Defense Defense Time % Phy DF OF
1 Shaone Morrisonn Luke Schenn 60 1 4 0
2 Adam Pardy Mark Stuart 40 1 4 0
Penalty Kill - 3 Players Forward
Forward Time % Phy DF OF
1 Dustin Boyd 60 0 5 0
2 Marcel Goc 40 0 5 0
Penalty Kill - 3 Players Defense
Defense Defense Time % Phy DF OF
1 Shaone Morrisonn Luke Schenn 60 0 5 0
2 Mark Stuart Adam Pardy 40 0 5 0
4 vs 4 Forward
Center Wing Time % Phy DF OF
1 Sidney Crosby Greg Stewart 60 0 2 3
2 Frans Nielsen Alexander Frolov 40 0 2 3
4 vs 4 Defense
Defense Defense Time % Phy DF OF
1 Vitaly Vishnevsky Mark Stuart 60 0 2 3
2 Luke Schenn Raphael Diaz 40 0 2 3
Last Minutes Offensive
Center Left Wing Right Wing Defense Defense
Sidney Crosby Greg Stewart Steve Downie Luke Schenn Raphael Diaz
Last Minutes Defensive
Center Left Wing Right Wing Defense Defense
Frans Nielsen Alexander Frolov David Jones Shaone Morrisonn Luke Schenn
Goaltenders
Starting : Allen York
Backup : Henrik Lundqvist
Extra Forwards
Normal : Sidney Crosby, Frans Nielsen, Greg Stewart - PP : Sidney Crosby, Frans Nielsen - PK : Alexander Frolov
Extra Defensemen
Normal : Luke Schenn, Raphael Diaz, Shaone Morrisonn - PP : Luke Schenn - PK : Mark Stuart, Luke Schenn
Penalty Shots
Sidney Crosby, Frans Nielsen, Greg Stewart, Alexander Frolov, Steve Downie
Scratches
Dustin Kohn (Healthy), Wes O'Neill (Healthy)
Sabres
5 vs 5 Forward
Center Left Wing Right Wing Time % Phy DF OF
1 Andrei Loktionov Ilya Kovalchuk Bobby Ryan 39 0 1 4
2 Ryan O'Reilly Evander Kane Zack Kassian 31 1 1 3
3 Vincent Lecavalier Matt Martin Brad Richardson 17 0 2 3
4 Brandon Sutter Darcy Hordichuk Darren Reid 13 0 2 3
5 vs 5 Defense
Defense Defense Time % Phy DF OF
1 Rob Scuderi Zach Bogosian 40 0 4 1
2 Kurtis Foster Jared Cowen 30 0 4 1
3 Michael Kostka Mathew Dumba 20 0 5 0
4 Rob Scuderi Mathew Dumba 10 0 5 0
PowerPlay Forward
Center Left Wing Right Wing Time % Phy DF OF
1 Ryan O'Reilly Evander Kane Bobby Ryan 50 0 0 5
2 Vincent Lecavalier Ilya Kovalchuk Zack Kassian 50 1 0 4
PowerPlay Defense
Defense Defense Time % Phy DF OF
1 Zach Bogosian Mathew Dumba 50 0 1 4
2 Michael Kostka Jared Cowen 50 0 1 4
Penalty Kill 4 Players Forward
Center Wing Time % Phy DF OF
1 Brandon Sutter Darren Reid 50 1 4 0
2 Vincent Lecavalier Ilya Kovalchuk 50 1 4 0
Penalty Kill 4 Players Defense
Defense Defense Time % Phy DF OF
1 Jared Cowen Zach Bogosian 50 1 4 0
2 Mathew Dumba Michael Kostka 50 1 4 0
Penalty Kill - 3 Players Forward
Forward Time % Phy DF OF
1 Brandon Sutter 60 0 5 0
2 Zack Kassian 40 0 5 0
Penalty Kill - 3 Players Defense
Defense Defense Time % Phy DF OF
1 Rob Scuderi Jared Cowen 60 0 5 0
2 Mathew Dumba Zach Bogosian 40 0 5 0
4 vs 4 Forward
Center Wing Time % Phy DF OF
1 Vincent Lecavalier Darren Reid 50 0 2 3
2 Ryan O'Reilly Zack Kassian 50 0 1 4
4 vs 4 Defense
Defense Defense Time % Phy DF OF
1 Michael Kostka Jared Cowen 50 0 4 1
2 Mathew Dumba Rob Scuderi 50 0 4 1
Last Minutes Offensive
Center Left Wing Right Wing Defense Defense
Ryan O'Reilly Evander Kane Bobby Ryan Zach Bogosian Jared Cowen
Last Minutes Defensive
Center Left Wing Right Wing Defense Defense
Brandon Sutter Evander Kane Zack Kassian Zach Bogosian Jared Cowen
Goaltenders
Starting : Jonas Hiller
Backup : Robin Lehner
Extra Forwards
Normal : Brandon Sutter, Ryan O'Reilly, Brad Richardson - PP : Bobby Ryan, Ryan O'Reilly - PK : Brad Richardson
Extra Defensemen
Normal : Zach Bogosian, Jared Cowen, Mathew Dumba - PP : Zach Bogosian - PK : Rob Scuderi, Jared Cowen
Penalty Shots
Evander Kane, Vincent Lecavalier, Ryan O'Reilly, Andrei Loktionov, Bobby Ryan
Scratches
Jakub Kindl (Healthy), Nathan Paetsch (Healthy), Scottie Upshall (Healthy), Andrew MacDonald (Healthy)
% Time on Ice - Canadiens
Lines # - Real PCT - Wanted PCT - Time Play
Normal Forward
1 - 35% - 40% - 18:01
2 - 30% - 30% - 15:16
3 - 22% - 20% - 11:07
4 - 14% - 10% - 7:15
Normal Defense
1 - 38% - 40% - 19:25
2 - 32% - 30% - 16:40
3 - 27% - 20% - 13:46
4 - 3% - 10% - 1:48
PP Forward
1 - 47% - 60% - 1:53
2 - 53% - 40% - 2:05
PP Defense
1 - 50% - 60% - 1:59
2 - 50% - 40% - 1:59
PK Forward
1 - 81% - 60% - 3:32
2 - 19% - 40% - 0:51
PK Defense
1 - 62% - 60% - 2:42
2 - 38% - 40% - 1:41
PK3 Forward
1 - 0% - 60%
2 - 0% - 40%
PK3 Defense
1 - 0% - 60%
2 - 0% - 40%
44 Forward
1 - 83% - 60% - 2:15
2 - 17% - 40% - 0:28
44 Defense
1 - 56% - 60% - 1:32
2 - 44% - 40% - 1:11
Last Minute Offensive - 0:00
Last Minute Defensive - 0:00
Total
Forward - 62:43
Defense - 62:43
|
% Time on Ice - Sabres
Lines # - Real PCT - Wanted PCT - Time Play
Normal Forward
1 - 33% - 39% - 17:11
2 - 31% - 31% - 16:02
3 - 19% - 17% - 9:59
4 - 16% - 13% - 8:27
Normal Defense
1 - 37% - 40% - 19:12
2 - 35% - 30% - 17:51
3 - 23% - 20% - 11:43
4 - 6% - 10% - 2:53
PP Forward
1 - 51% - 50% - 2:13
2 - 49% - 50% - 2:10
PP Defense
1 - 50% - 50% - 2:11
2 - 50% - 50% - 2:12
PK Forward
1 - 50% - 50% - 1:59
2 - 50% - 50% - 1:59
PK Defense
1 - 50% - 50% - 1:59
2 - 50% - 50% - 1:59
PK3 Forward
1 - 0% - 60%
2 - 0% - 40%
PK3 Defense
1 - 0% - 60%
2 - 0% - 40%
44 Forward
1 - 42% - 50% - 1:08
2 - 58% - 50% - 1:35
44 Defense
1 - 66% - 50% - 1:47
2 - 34% - 50% - 0:56
Last Minute Offensive - 0:00
Last Minute Defensive - 0:00
Total
Forward - 62:43
Defense - 62:43
|
Play-by-Play
1st period
0:01 of 1st period - Sidney Crosby wins face-off versus Andrei Loktionov in neutral zone.
0:06 of 1st period - Slapshot by Luke Schenn.
0:06 of 1st period - Shot Misses the Net.
0:12 of 1st period - Slapshot by Ilya Kovalchuk.
0:12 of 1st period - Stopped by Allen York without a rebound.
0:13 of 1st period - Frans Nielsen wins face-off versus Ryan O'Reilly in Canadiens zone.
0:29 of 1st period - Wrist shot by Alexander Frolov.
0:29 of 1st period - Stopped by Jonas Hiller with a rebound.
0:45 of 1st period - Wrist shot by Enver Lisin.
0:45 of 1st period - Shot Misses the Net.
0:47 of 1st period - Slapshot by Vitaly Vishnevsky.
0:47 of 1st period - Deflect By Dustin Boyd.
0:47 of 1st period - Shot Blocked by Kurtis Foster.
0:47 of 1st period - Puck is out of play.
0:48 of 1st period - Brandon Sutter wins face-off versus Dustin Boyd in Sabres zone.
1:06 of 1st period - Icing by Adam Pardy.
1:07 of 1st period - Andrei Loktionov wins face-off versus Dustin Boyd in Canadiens zone.
1:11 of 1st period - Icing by Enver Lisin.
1:12 of 1st period - Dustin Boyd wins face-off versus Andrei Loktionov in Canadiens zone.
1:12 of 1st period - Dustin Boyd is hit by Ilya Kovalchuk.
1:18 of 1st period - Snap shot by Enver Lisin.
1:18 of 1st period - Shot Hit the Post.
1:46 of 1st period - Snap shot by Greg Stewart.
1:46 of 1st period - Stopped by Jonas Hiller without a rebound.
1:47 of 1st period - Vincent Lecavalier wins face-off versus Sidney Crosby in Sabres zone.
1:47 of 1st period - Vincent Lecavalier is hit by Raphael Diaz.
2:13 of 1st period - Luke Schenn is hit by Zack Kassian and loses puck.
2:20 of 1st period - Zack Kassian is hit by Sidney Crosby and loses puck.
3:51 of 1st period - Snap shot by Sidney Crosby.
3:51 of 1st period - Shot Blocked by Michael Kostka.
3:53 of 1st period - Slapshot by Adam Pardy.
3:53 of 1st period - Stopped by Jonas Hiller with a rebound.
3:55 of 1st period - Snap shot by Sidney Crosby.
3:55 of 1st period - Goal by Sidney Crosby - Canadiens : 1 - Sabres : 0.
3:56 of 1st period - Frans Nielsen wins face-off versus Andrei Loktionov in neutral zone.
4:03 of 1st period - Snap shot by Alexander Frolov.
4:03 of 1st period - Stopped by Jonas Hiller without a rebound.
4:04 of 1st period - Andrei Loktionov wins face-off versus Alexander Frolov in Sabres zone.
4:24 of 1st period - Minor Penalty to Rob Scuderi for Interference.
4:25 of 1st period - Brandon Sutter wins face-off versus Frans Nielsen in Sabres zone.
4:25 of 1st period - Brandon Sutter is hit by Alexander Frolov.
4:40 of 1st period - Ilya Kovalchuk is hit by Frans Nielsen and loses puck.
5:29 of 1st period - Slapshot by Vitaly Vishnevsky.
5:29 of 1st period - Stopped by Jonas Hiller with a rebound.
5:31 of 1st period - Slapshot by David Jones.
5:31 of 1st period - Stopped by Jonas Hiller with a rebound.
5:33 of 1st period - Slapshot by Mark Stuart.
5:33 of 1st period - Deflect By Michael Kostka.
5:33 of 1st period - Stopped by Jonas Hiller with a rebound.
5:35 of 1st period - Slapshot by Vitaly Vishnevsky.
5:35 of 1st period - Deflect By David Jones.
5:35 of 1st period - Shot Misses the Net.
5:35 of 1st period - Puck is out of play.
5:36 of 1st period - Vincent Lecavalier wins face-off versus Sidney Crosby in Sabres zone.
5:45 of 1st period - Jared Cowen is hit by Raphael Diaz and loses puck.
6:24 of 1st period - Penalty to Rob Scuderi is over, Rob Scuderi is back on ice.
6:34 of 1st period - Mark Stuart is hit by Kurtis Foster and loses puck.
7:03 of 1st period - Snap shot by Dustin Boyd.
7:03 of 1st period - Stopped by Jonas Hiller without a rebound.
7:04 of 1st period - Brandon Sutter wins face-off versus Dustin Boyd in Sabres zone.
7:14 of 1st period - Jared Cowen is hit by Enver Lisin.
7:30 of 1st period - Evgeny Dadonov is hit by Kurtis Foster and loses puck.
7:57 of 1st period - Wrist shot by Andrei Loktionov.
7:57 of 1st period - Shot Blocked by Sidney Crosby.
7:59 of 1st period - Slapshot by Kurtis Foster.
7:59 of 1st period - Shot Blocked by Adam Pardy.
8:01 of 1st period - Snap shot by Ilya Kovalchuk.
8:01 of 1st period - Goal by Ilya Kovalchuk - Canadiens : 1 - Sabres : 1.
8:02 of 1st period - Ilya Kovalchuk wins face-off versus Frans Nielsen in neutral zone.
8:05 of 1st period - Snap shot by Ilya Kovalchuk.
8:05 of 1st period - Stopped by Allen York with a rebound.
8:15 of 1st period - Slapshot by Zach Bogosian.
8:15 of 1st period - Stopped by Allen York with a rebound.
8:29 of 1st period - Zach Bogosian is hit by Steve Downie and loses puck.
9:20 of 1st period - Snap shot by Darren Reid.
9:20 of 1st period - Stopped by Allen York without a rebound.
9:21 of 1st period - Frans Nielsen wins face-off versus Andrei Loktionov in Canadiens zone.
9:39 of 1st period - Alexander Frolov is hit by Mathew Dumba and loses puck.
9:58 of 1st period - Snap shot by Brad Richardson.
9:58 of 1st period - Deflect By Greg Stewart.
9:58 of 1st period - Stopped by Allen York with a rebound.
10:10 of 1st period - Darcy Hordichuk is hit by Enver Lisin and loses puck.
10:17 of 1st period - Dustin Boyd is hit by Darcy Hordichuk.
10:36 of 1st period - Off-side.
10:37 of 1st period - Ryan O'Reilly wins face-off versus Marcel Goc in neutral zone.
10:42 of 1st period - Slapshot by Zack Kassian.
10:42 of 1st period - Shot Blocked by Raphael Diaz.
10:44 of 1st period - Snap shot by Evander Kane.
10:44 of 1st period - Stopped by Allen York without a rebound.
10:45 of 1st period - Andrei Loktionov wins face-off versus Frans Nielsen in Canadiens zone.
10:51 of 1st period - Minor Penalty to Raphael Diaz for Hooking.
10:52 of 1st period - Dustin Boyd wins face-off versus Bobby Ryan in Canadiens zone.
10:52 of 1st period - Dustin Boyd is hit by Ryan O'Reilly.
11:05 of 1st period - Slapshot by Zach Bogosian.
11:05 of 1st period - Goal by Zach Bogosian - Canadiens : 1 - Sabres : 2.
11:06 of 1st period - Andrei Loktionov wins face-off versus Frans Nielsen in neutral zone.
11:33 of 1st period - Vincent Lecavalier is hit by Greg Stewart.
11:39 of 1st period - Luke Schenn is hit by Vincent Lecavalier and loses puck.
11:58 of 1st period - Vitaly Vishnevsky is hit by Darren Reid and loses puck.
12:43 of 1st period - Slapshot by Zack Kassian.
12:43 of 1st period - Shot Misses the Net.
12:45 of 1st period - Slapshot by Jared Cowen.
12:45 of 1st period - Deflect By Vitaly Vishnevsky.
12:45 of 1st period - Stopped by Allen York with a rebound.
12:47 of 1st period - Wrist shot by Ryan O'Reilly.
12:47 of 1st period - Stopped by Allen York with a rebound.
12:49 of 1st period - Wrist shot by Ryan O'Reilly.
12:49 of 1st period - Deflect By Zack Kassian.
12:49 of 1st period - Goal by Zack Kassian - Canadiens : 1 - Sabres : 3.
12:50 of 1st period - Frans Nielsen wins face-off versus Andrei Loktionov in neutral zone.
13:01 of 1st period - Wrist shot by Frans Nielsen.
13:01 of 1st period - Stopped by Jonas Hiller with a rebound.
13:44 of 1st period - Snap shot by Ryan O'Reilly.
13:44 of 1st period - Stopped by Allen York with a rebound.
13:55 of 1st period - Zack Kassian is hit by Dustin Boyd and loses puck.
14:22 of 1st period - Snap shot by Zack Kassian.
14:22 of 1st period - Stopped by Allen York with a rebound.
14:36 of 1st period - Snap shot by Frans Nielsen.
14:36 of 1st period - Stopped by Jonas Hiller without a rebound.
14:37 of 1st period - Sidney Crosby wins face-off versus Andrei Loktionov in Sabres zone.
14:40 of 1st period - Wrist shot by Sidney Crosby.
14:40 of 1st period - Shot Misses the Net.
14:42 of 1st period - Snap shot by Sidney Crosby.
14:42 of 1st period - Shot Blocked by Jared Cowen.
14:44 of 1st period - Snap shot by Raphael Diaz.
14:44 of 1st period - Deflect By Ilya Kovalchuk.
14:44 of 1st period - Stopped by Jonas Hiller with a rebound.
14:46 of 1st period - Wrist shot by Sidney Crosby.
14:46 of 1st period - Stopped by Jonas Hiller without a rebound.
14:47 of 1st period - Andrei Loktionov wins face-off versus Steve Downie in Sabres zone.
14:47 of 1st period - Andrei Loktionov is hit by Steve Downie.
15:08 of 1st period - Off-side.
15:09 of 1st period - Matt Martin wins face-off versus Frans Nielsen in neutral zone.
16:00 of 1st period - Luke Schenn is hit by Darren Reid and loses puck.
17:54 of 1st period - Wrist shot by Sidney Crosby.
17:54 of 1st period - Stopped by Jonas Hiller without a rebound.
17:55 of 1st period - Frans Nielsen wins face-off versus Ilya Kovalchuk in Sabres zone.
18:41 of 1st period - Backhand shot by Darren Reid.
18:41 of 1st period - Stopped by Allen York with a rebound.
18:43 of 1st period - Slapshot by Mathew Dumba.
18:43 of 1st period - Stopped by Allen York without a rebound.
18:44 of 1st period - Andrei Loktionov wins face-off versus Dustin Boyd in Canadiens zone.
18:49 of 1st period - Wrist shot by Andrei Loktionov.
18:49 of 1st period - Shot Misses the Net.
18:55 of 1st period - Wrist shot by Bobby Ryan.
18:55 of 1st period - Stopped by Allen York without a rebound.
18:56 of 1st period - Andrei Loktionov wins face-off versus Sidney Crosby in Canadiens zone.
19:01 of 1st period - Slapshot by Ilya Kovalchuk.
19:01 of 1st period - Stopped by Allen York without a rebound.
19:02 of 1st period - Andrei Loktionov wins face-off versus Sidney Crosby in Canadiens zone.
Goals for this period are 1 for Canadiens vs 3 for Sabres.
Shots for this period are 14 for Canadiens vs 17 for Sabres.
2nd period
0:01 of 2nd period - Andrei Loktionov wins face-off versus Sidney Crosby in neutral zone.
0:26 of 2nd period - Zach Bogosian is hit by Marcel Goc and loses puck.
0:49 of 2nd period - Wrist shot by Bobby Ryan.
0:49 of 2nd period - Shot Misses the Net.
0:51 of 2nd period - Wrist shot by Ilya Kovalchuk.
0:51 of 2nd period - Shot Blocked by David Jones.
1:03 of 2nd period - Snap shot by Brock Nelson.
1:03 of 2nd period - Shot Misses the Net.
1:05 of 2nd period - Wrist shot by Raphael Diaz.
1:05 of 2nd period - Deflect By Marcel Goc.
1:05 of 2nd period - Stopped by Jonas Hiller without a rebound.
1:06 of 2nd period - Ryan O'Reilly wins face-off versus Sidney Crosby in Sabres zone.
1:13 of 2nd period - Snap shot by Greg Stewart.
1:13 of 2nd period - Shot Misses the Net.
1:42 of 2nd period - Snap shot by Dustin Boyd.
1:42 of 2nd period - Shot Misses the Net.
1:45 of 2nd period - Icing by Kurtis Foster.
1:46 of 2nd period - Ryan O'Reilly wins face-off versus Sidney Crosby in Sabres zone.
2:25 of 2nd period - Snap shot by Brad Richardson.
2:25 of 2nd period - Stopped by Allen York without a rebound.
2:26 of 2nd period - Andrei Loktionov wins face-off versus Dustin Boyd in Canadiens zone.
3:25 of 2nd period - Darren Reid is hit by Frans Nielsen.
3:46 of 2nd period - Minor Penalty to Adam Pardy for Roughing.
3:47 of 2nd period - Vincent Lecavalier wins face-off versus Dustin Boyd in Canadiens zone.
3:57 of 2nd period - Snap shot by Vincent Lecavalier.
3:57 of 2nd period - Deflect By Zack Kassian.
3:57 of 2nd period - Goal by Zack Kassian - Canadiens : 1 - Sabres : 4.
3:58 of 2nd period - Sidney Crosby wins face-off versus Andrei Loktionov in neutral zone.
4:11 of 2nd period - Snap shot by Greg Stewart.
4:11 of 2nd period - Shot Misses the Net.
4:13 of 2nd period - Slapshot by Luke Schenn.
4:13 of 2nd period - Shot Misses the Net.
4:15 of 2nd period - Wrist shot by Steve Downie.
4:15 of 2nd period - Goal by Steve Downie - Canadiens : 2 - Sabres : 4.
4:16 of 2nd period - Ilya Kovalchuk wins face-off versus Evgeny Dadonov in neutral zone.
5:03 of 2nd period - Icing by Sidney Crosby.
5:04 of 2nd period - Dustin Boyd wins face-off versus Vincent Lecavalier in Canadiens zone.
5:15 of 2nd period - Matt Martin is hit by Raphael Diaz and loses puck.
5:20 of 2nd period - Snap shot by Enver Lisin.
5:20 of 2nd period - Stopped by Jonas Hiller without a rebound.
5:21 of 2nd period - Andrei Loktionov wins face-off versus Sidney Crosby in Sabres zone.
6:14 of 2nd period - Wrist shot by Mark Stuart.
6:14 of 2nd period - Stopped by Jonas Hiller without a rebound.
6:15 of 2nd period - Vincent Lecavalier wins face-off versus Frans Nielsen in Sabres zone.
6:15 of 2nd period - Vincent Lecavalier is hit by Raphael Diaz.
6:59 of 2nd period - Vincent Lecavalier is hit by Alexander Frolov and loses puck.
7:04 of 2nd period - Snap shot by Evgeny Dadonov.
7:04 of 2nd period - Shot Hit the Post.
7:06 of 2nd period - Slapshot by Raphael Diaz.
7:06 of 2nd period - Deflect By Evgeny Dadonov.
7:06 of 2nd period - Shot Misses the Net.
7:06 of 2nd period - Puck is out of play.
7:07 of 2nd period - Andrei Loktionov wins face-off versus Sidney Crosby in Sabres zone.
7:40 of 2nd period - Rob Scuderi is hit by Vitaly Vishnevsky and loses puck.
7:57 of 2nd period - Wrist shot by Zach Bogosian.
7:57 of 2nd period - Stopped by Allen York with a rebound.
8:31 of 2nd period - Snap shot by Evander Kane.
8:31 of 2nd period - Deflect By Zack Kassian.
8:31 of 2nd period - Shot Misses the Net.
8:31 of 2nd period - Puck is out of play.
8:32 of 2nd period - Frans Nielsen wins face-off versus Ryan O'Reilly in Canadiens zone.
8:37 of 2nd period - Zack Kassian is hit by Luke Schenn and loses puck.
9:15 of 2nd period - Slapshot by Frans Nielsen.
9:15 of 2nd period - Goal by Frans Nielsen - Canadiens : 3 - Sabres : 4.
9:16 of 2nd period - Andrei Loktionov wins face-off versus Sidney Crosby in neutral zone.
9:18 of 2nd period - Minor Penalty to Andrei Loktionov for Roughing.
9:19 of 2nd period - Sidney Crosby wins face-off versus Brandon Sutter in Sabres zone.
9:23 of 2nd period - Wrist shot by Steve Downie.
9:23 of 2nd period - Stopped by Jonas Hiller without a rebound.
9:24 of 2nd period - Darren Reid wins face-off versus Sidney Crosby in Sabres zone.
9:56 of 2nd period - Slapshot by Frans Nielsen.
9:56 of 2nd period - Shot Blocked by Mathew Dumba.
11:18 of 2nd period - Penalty to Andrei Loktionov is over, Andrei Loktionov is back on ice.
11:31 of 2nd period - Ryan O'Reilly is hit by Raphael Diaz and loses puck.
11:47 of 2nd period - Icing by Luke Schenn.
11:48 of 2nd period - Andrei Loktionov wins face-off versus Marcel Goc in Canadiens zone.
12:15 of 2nd period - Adam Pardy is hit by Ryan O'Reilly.
12:28 of 2nd period - Evander Kane is hit by Sidney Crosby.
13:25 of 2nd period - Minor Penalty to Marcel Goc for Hooking.
13:26 of 2nd period - Vincent Lecavalier wins face-off versus Dustin Boyd in Canadiens zone.
14:02 of 2nd period - Wrist shot by Evander Kane.
14:02 of 2nd period - Stopped by Allen York without a rebound.
14:03 of 2nd period - Vincent Lecavalier wins face-off versus Dustin Boyd in Canadiens zone.
14:24 of 2nd period - Mark Stuart is hit by Michael Kostka and loses puck.
14:47 of 2nd period - Icing by Ryan O'Reilly.
14:48 of 2nd period - Ryan O'Reilly wins face-off versus Frans Nielsen in Sabres zone.
15:25 of 2nd period - Penalty to Marcel Goc is over, Marcel Goc is back on ice.
15:33 of 2nd period - Snap shot by Steve Downie.
15:33 of 2nd period - Stopped by Jonas Hiller with a rebound.
15:49 of 2nd period - Snap shot by Zack Kassian.
15:49 of 2nd period - Stopped by Allen York with a rebound.
16:08 of 2nd period - Off-side.
16:09 of 2nd period - Frans Nielsen wins face-off versus Brandon Sutter in neutral zone.
16:16 of 2nd period - Slapshot by Evgeny Dadonov.
16:16 of 2nd period - Deflect By Frans Nielsen.
16:16 of 2nd period - Shot Misses the Net.
16:16 of 2nd period - Puck is out of play.
16:17 of 2nd period - Brandon Sutter wins face-off versus Sidney Crosby in Sabres zone.
16:17 of 2nd period - Brandon Sutter is hit by Sidney Crosby.
16:49 of 2nd period - Snap shot by Greg Stewart.
16:49 of 2nd period - Shot Misses the Net.
16:51 of 2nd period - Wrist shot by Evgeny Dadonov.
16:51 of 2nd period - Shot Misses the Net.
17:01 of 2nd period - Snap shot by Evgeny Dadonov.
17:01 of 2nd period - Shot Misses the Net.
17:03 of 2nd period - Slapshot by Raphael Diaz.
17:03 of 2nd period - Deflect By Frans Nielsen.
17:03 of 2nd period - Goal by Frans Nielsen - Canadiens : 4 - Sabres : 4.
17:04 of 2nd period - Andrei Loktionov wins face-off versus Sidney Crosby in neutral zone.
17:17 of 2nd period - Wrist shot by Ilya Kovalchuk.
17:17 of 2nd period - Shot Blocked by Vitaly Vishnevsky.
17:34 of 2nd period - Icing by Frans Nielsen.
17:35 of 2nd period - Frans Nielsen wins face-off versus Ryan O'Reilly in Canadiens zone.
17:52 of 2nd period - Jared Cowen is hit by Alexander Frolov.
18:00 of 2nd period - Snap shot by Evgeny Dadonov.
18:00 of 2nd period - Shot Misses the Net.
18:02 of 2nd period - Snap shot by Evgeny Dadonov.
18:02 of 2nd period - Stopped by Jonas Hiller without a rebound.
18:03 of 2nd period - Sidney Crosby wins face-off versus Ilya Kovalchuk in Sabres zone.
18:12 of 2nd period - Wrist shot by Andrei Loktionov.
18:12 of 2nd period - Stopped by Allen York with a rebound.
18:30 of 2nd period - Enver Lisin is hit by Matt Martin and loses puck.
18:57 of 2nd period - Snap shot by Darcy Hordichuk.
18:57 of 2nd period - Stopped by Allen York without a rebound.
18:58 of 2nd period - Frans Nielsen wins face-off versus Brandon Sutter in Canadiens zone.
19:15 of 2nd period - Wrist shot by Brandon Sutter.
19:15 of 2nd period - Shot Blocked by Shaone Morrisonn.
Goals for this period are 3 for Canadiens vs 1 for Sabres.
Shots for this period are 9 for Canadiens vs 7 for Sabres.
3rd period
0:01 of 3rd period - Andrei Loktionov wins face-off versus Greg Stewart in neutral zone.
0:13 of 3rd period - Wrist shot by Sidney Crosby.
0:13 of 3rd period - Shot Misses the Net.
0:15 of 3rd period - Snap shot by Greg Stewart.
0:15 of 3rd period - Shot Misses the Net.
0:17 of 3rd period - Slapshot by Luke Schenn.
0:17 of 3rd period - Deflect By Zach Bogosian.
0:17 of 3rd period - Stopped by Jonas Hiller with a rebound.
0:38 of 3rd period - Slapshot by Frans Nielsen.
0:38 of 3rd period - Stopped by Jonas Hiller without a rebound.
0:39 of 3rd period - Andrei Loktionov wins face-off versus Sidney Crosby in Sabres zone.
0:46 of 3rd period - Slapshot by Kurtis Foster.
0:46 of 3rd period - Deflect By Sidney Crosby.
0:46 of 3rd period - Stopped by Allen York without a rebound.
0:47 of 3rd period - Andrei Loktionov wins face-off versus Sidney Crosby in Canadiens zone.
1:10 of 3rd period - Snap shot by Sidney Crosby.
1:10 of 3rd period - Stopped by Jonas Hiller with a rebound.
1:12 of 3rd period - Slapshot by Vitaly Vishnevsky.
1:12 of 3rd period - Shot Misses the Net.
1:14 of 3rd period - Slapshot by Greg Stewart.
1:14 of 3rd period - Stopped by Jonas Hiller without a rebound.
1:15 of 3rd period - Ryan O'Reilly wins face-off versus Frans Nielsen in Sabres zone.
1:42 of 3rd period - Brett Maclean is hit by Matt Martin and loses puck.
1:51 of 3rd period - Snap shot by Vincent Lecavalier.
1:51 of 3rd period - Shot Misses the Net.
1:53 of 3rd period - Wrist shot by Matt Martin.
1:53 of 3rd period - Shot Misses the Net.
2:37 of 3rd period - Wrist shot by Brock Nelson.
2:37 of 3rd period - Stopped by Jonas Hiller with a rebound.
2:50 of 3rd period - Slapshot by Kurtis Foster.
2:50 of 3rd period - Shot Misses the Net.
2:52 of 3rd period - Slapshot by Zack Kassian.
2:52 of 3rd period - Stopped by Allen York without a rebound.
2:53 of 3rd period - Zack Kassian wins face-off versus Sidney Crosby in Canadiens zone.
3:06 of 3rd period - Snap shot by Zack Kassian.
3:06 of 3rd period - Stopped by Allen York with a rebound.
3:08 of 3rd period - Slapshot by Zach Bogosian.
3:08 of 3rd period - Stopped by Allen York with a rebound.
3:16 of 3rd period - Snap shot by Zack Kassian.
3:16 of 3rd period - Stopped by Allen York without a rebound.
3:17 of 3rd period - Andrei Loktionov wins face-off versus Frans Nielsen in Canadiens zone.
3:30 of 3rd period - Slapshot by Ilya Kovalchuk.
3:30 of 3rd period - Stopped by Allen York without a rebound.
3:31 of 3rd period - Andrei Loktionov wins face-off versus Sidney Crosby in Canadiens zone.
3:40 of 3rd period - Slapshot by Zach Bogosian.
3:40 of 3rd period - Stopped by Allen York without a rebound.
3:41 of 3rd period - Andrei Loktionov wins face-off versus Sidney Crosby in Canadiens zone.
3:42 of 3rd period - Wrist shot by Zach Bogosian.
3:42 of 3rd period - Shot Blocked by Raphael Diaz.
3:44 of 3rd period - Minor Penalty to Steve Downie for Holding.
3:45 of 3rd period - Vincent Lecavalier wins face-off versus Dustin Boyd in Canadiens zone.
4:26 of 3rd period - Slapshot by Zach Bogosian.
4:26 of 3rd period - Shot Blocked by Adam Pardy.
5:44 of 3rd period - Penalty to Steve Downie is over, Steve Downie is back on ice.
6:01 of 3rd period - Off-side.
6:02 of 3rd period - Brandon Sutter wins face-off versus Sidney Crosby in neutral zone.
6:12 of 3rd period - Slapshot by Jared Cowen.
6:12 of 3rd period - Shot Blocked by Luke Schenn.
6:14 of 3rd period - Backhand shot by Darcy Hordichuk.
6:14 of 3rd period - Stopped by Allen York with a rebound.
6:47 of 3rd period - Wrist shot by Dustin Boyd.
6:47 of 3rd period - Deflect By Brett Maclean.
6:47 of 3rd period - Shot Blocked by Rob Scuderi.
6:47 of 3rd period - Puck is out of play.
6:48 of 3rd period - Ilya Kovalchuk wins face-off versus Dustin Boyd in Sabres zone.
7:17 of 3rd period - Snap shot by Evander Kane.
7:17 of 3rd period - Shot Blocked by Shaone Morrisonn.
7:19 of 3rd period - Slapshot by Zack Kassian.
7:19 of 3rd period - Shot Misses the Net.
7:21 of 3rd period - Wrist shot by Zack Kassian.
7:21 of 3rd period - Shot Blocked by Sidney Crosby.
7:23 of 3rd period - Slapshot by Rob Scuderi.
7:23 of 3rd period - Deflect By Steve Downie.
7:23 of 3rd period - Stopped by Allen York with a rebound.
9:03 of 3rd period - Steve Downie is hit by Matt Martin and loses puck.
9:10 of 3rd period - Vitaly Vishnevsky is hit by Matt Martin and loses puck.
9:23 of 3rd period - Brock Nelson is hit by Ilya Kovalchuk.
9:34 of 3rd period - Ilya Kovalchuk is hit by Brock Nelson and loses puck.
10:16 of 3rd period - Adam Pardy is hit by Mathew Dumba and loses puck.
11:44 of 3rd period - Snap shot by Evgeny Dadonov.
11:44 of 3rd period - Stopped by Jonas Hiller without a rebound.
11:45 of 3rd period - Sidney Crosby wins face-off versus Ilya Kovalchuk in Sabres zone.
11:46 of 3rd period - Snap shot by Greg Stewart.
11:46 of 3rd period - Shot Blocked by Andrei Loktionov.
12:16 of 3rd period - Snap shot by Ryan O'Reilly.
12:16 of 3rd period - Stopped by Allen York with a rebound.
12:18 of 3rd period - Snap shot by Ryan O'Reilly.
12:18 of 3rd period - Shot Blocked by Raphael Diaz.
13:41 of 3rd period - Snap shot by Evander Kane.
13:41 of 3rd period - Deflect By Zack Kassian.
13:41 of 3rd period - Shot Misses the Net.
13:41 of 3rd period - Puck is out of play.
13:42 of 3rd period - Frans Nielsen wins face-off versus Ryan O'Reilly in Canadiens zone.
14:13 of 3rd period - Wrist shot by Greg Stewart.
14:13 of 3rd period - Stopped by Jonas Hiller with a rebound.
14:15 of 3rd period - Slapshot by Shaone Morrisonn.
14:15 of 3rd period - Stopped by Jonas Hiller with a rebound.
14:40 of 3rd period - Off-side.
14:41 of 3rd period - Andrei Loktionov wins face-off versus Frans Nielsen in neutral zone.
15:33 of 3rd period - Snap shot by Brock Nelson.
15:33 of 3rd period - Deflect By Brad Richardson.
15:33 of 3rd period - Shot Misses the Net.
15:33 of 3rd period - Puck is out of play.
15:34 of 3rd period - Andrei Loktionov wins face-off versus Marcel Goc in Sabres zone.
15:34 of 3rd period - Andrei Loktionov is hit by Adam Pardy.
16:53 of 3rd period - Wrist shot by Alexander Frolov.
16:53 of 3rd period - Deflect By Evgeny Dadonov.
16:53 of 3rd period - Shot Misses the Net.
16:53 of 3rd period - Puck is out of play.
16:54 of 3rd period - Andrei Loktionov wins face-off versus Dustin Boyd in Sabres zone.
17:21 of 3rd period - Brad Richardson is hit by Sidney Crosby.
17:29 of 3rd period - Slapshot by Vincent Lecavalier.
17:29 of 3rd period - Shot Misses the Net.
18:09 of 3rd period - Snap shot by Ilya Kovalchuk.
18:09 of 3rd period - Deflect By Raphael Diaz.
18:09 of 3rd period - Stopped by Allen York without a rebound.
18:10 of 3rd period - Dustin Boyd wins face-off versus Brad Richardson in Canadiens zone.
18:54 of 3rd period - Snap shot by Ilya Kovalchuk.
18:54 of 3rd period - Shot Blocked by Greg Stewart.
19:04 of 3rd period - Snap shot by Alexander Frolov.
19:04 of 3rd period - Shot Blocked by Evander Kane.
19:34 of 3rd period - Sidney Crosby is hit by Ryan O'Reilly and loses puck.
Goals for this period are 0 for Canadiens vs 0 for Sabres.
Shots for this period are 8 for Canadiens vs 11 for Sabres.
Overtime #1
0:01 of 1st overtime period - Vincent Lecavalier wins face-off versus Sidney Crosby in neutral zone.
2:29 of 1st overtime period - Snap shot by Brandon Sutter.
2:29 of 1st overtime period - Stopped by Allen York without a rebound.
2:30 of 1st overtime period - Frans Nielsen wins face-off versus Vincent Lecavalier in Canadiens zone.
2:30 of 1st overtime period - Frans Nielsen is hit by Darren Reid.
2:36 of 1st overtime period - Rob Scuderi is hit by Frans Nielsen and loses puck.
2:43 of 1st overtime period - Wrist shot by Frans Nielsen.
2:43 of 1st overtime period - Goal by Frans Nielsen - Canadiens : 5 - Sabres : 4.
Goals for this period are 1 for Canadiens vs 0 for Sabres.
Shots for this period are 1 for Canadiens vs 1 for Sabres.
Back to the Top